AoeStats
← Longoooooo

Arabia

511062407Analyzed
2v2 RM · 4h ago on Oct 3, 2026· 31m 29s· 4 players
Game mode
Random Map
Map size
Medium (4 player)
Population
200
Speed
Normal
Resources
Standard
Victory
Conquest
Starting age
Dark Age
Ending age
Imperial Age
RankedLock teamsTeams togetherTeam positionsShared explorationLock speedFull tech treeHidden civsTurbo modeCheats
Victory
Defeat
🇪🇸 Malay · Spain
951
+15
🇹🇼 Britons · Taiwan
859
+18
🇪🇸 Byzantines · Spain
933
-17
🇦🇷 Spanish · Argentina
903
-16
Your Dad
9:33 Loom
12:17 Feudal Age
16:11 Castle Age
23:01 Elite Skirmisher
25:04 Ballistics
28:34 Wheelbarrow
27:45 Town Watch
28:42 Horse Collar
Gian_p20
10:40 Feudal Age
13:35 Double-Bit Axe
16:38 Loom
21:45 Fletching
27:06 Castle Age
CoffeeRhyme7095
9:33 Feudal Age
7:48 Loom
18:23 Castle Age
17:46 Town Watch
17:23 Crossbowman
19:47 Thumb Ring
19:34 Fletching
19:46 Padded Archer Armor
21:30 Double-Bit Axe
25:06 Bow Saw
25:35 Wheelbarrow
27:30 Horse Collar
Longoooooo
10:32 Feudal Age
16:26 Castle Age
22:40 Fletching
23:44 Wheelbarrow
27:09 Bodkin Arrow
28:00 Padded Archer Armor
28:22 Horse Collar
Connection lost

Rejoining the realm…

Still unreachable

The connection could not be restored.

Session expired

The server has moved on; the page needs a fresh start.